 Dungeon Crawl Stone Soup version 0.20.1-1-g8b1a95d (webtiles) character file.

56 Andry07 the Skirmisher (level 3, -2/24 HPs)
             Began as a Gargoyle Fighter on Oct 7, 2017.
             Slain by Natasha (3 damage)
             ... on level 2 of the Dungeon.
             The game lasted 00:01:23 (891 turns).

Andry07 the Skirmisher (Gargoyle Fighter)            Turns: 891, Time: 00:01:23

Health: -2/24      AC: 10    Str: 20    XL:     3   Next: 97%
Magic:  3/3        EV:  7    Int:  8    God:
Gold:   67         SH:  9    Dex:  9    Spells: 2/2 levels left

rFire    . . .     SeeInvis .   a - +0 flail
rCold    . . .     Gourm    .   c - +0 shield
rNeg     + . .     Faith    .   b - +0 scale mail
rPois    ∞         Spirit   .   (no helmet)
rElec    +         Reflect  .   (no cloak)
rCorr    .         Harm     .   (no gloves)
MR       .....                  (no boots)
Stlth    ..........             (no amulet)
Regen    0.1/turn               (no ring)
MPRegen  0.1/turn               (no ring)

@: slowed, very slow
A: negative energy resistance 1, electricity resistance, unbreathing,
petrification resistance, rot immunity, AC +3
a: no special abilities


You were on level 2 of the Dungeon.
You were not hungry.

You visited 1 branch of the dungeon, and saw 2 of its levels.

You collected 67 gold pieces.

Inventory:

Hand Weapons
 a - a +0 flail (weapon)
Armour
 b - a +0 scale mail (worn)
 c - a +0 shield (worn)
Jewellery
 p - an uncursed ring of wizardry {unknown}
 q - an uncursed ring of poison resistance {unknown}
Scrolls
 e - a scroll of recharging {unknown}
 i - 2 scrolls of remove curse {unknown}
 j - 3 scrolls of identify {unknown}
 l - a scroll of fear {unknown}
 m - a scroll of enchant weapon {unknown}
 n - 4 scrolls of teleportation {unknown}
Potions
 d - a potion of might
 g - 2 potions of curing {unknown}
Comestibles
 f - 4 bread rations
 h - 2 meat rations
 k - 4 fruits
 o - a royal jelly


   Skills:
 + Level 4.3 Fighting
 + Level 3.2 Maces & Flails
 - Level 3.2 Armour
 - Level 3.2 Shields


You had 2 spell levels left.
You didn't know any spells.

Dungeon Overview and Level Annotations

Branches:
Dungeon (2/15)

Altars:

Annotations:
D:2 Natasha


Innate Abilities, Weirdness & Mutations

You are resistant to torment.
Your stone body is resilient. (AC +3)
You are immune to poison.
You resist negative energy. (rN+)
You are resistant to electric shocks. (rElec)
You can survive without breathing.
You are immune to petrification.
You are immune to rotting.


Message History

The shadow imp hits you but does no damage.
Unknown command.
The crimson imp shouts, "Decamp, thou unctious sow-suckled dewberry!"
The crimson imp blinks!
Natasha casts a spell at you.
You feel yourself slow down. You block Natasha's attack.
Natasha claws you but does no damage. You block Natasha's attack.
You block Natasha's attack. You block the shadow imp's attack.
Natasha stares at you and mumbles some strange words.
The magic dart hits you!
* * * LOW HITPOINT WARNING * * *
The shadow imp barely misses you.
The shadow imp disappears in a puff of smoke!
Natasha claws you.
* * * LOW HITPOINT WARNING * * *
Natasha barely misses you. Natasha claws you.
You die...

..........# ..........#
.....[.....#
#..........#####
+..........'...#
#........).###.#######
....>#...<†.#.#.....#
#..#.#..#)).#.#.###.#
#..#.#.@#.#.#.#.# #.#
##..#.#h.#.....#.# #.#
#§§...........##.# #.#
... #.§.#.........##.#
#.# ...
#§..#............# #.#
#.. #...#.........####
#.# #.. #...#.........#
#.## ..
#...#.........######..#
#.##
#...######.#..........#


You could see Natasha.

Vanquished Creatures
  Robin (D:1)
  2 dart slugs
  2 leopard geckos
  A giant cockroach (D:1)
  14 goblins
  4 hobgoblins
  5 bats
  2 frilled lizards (D:1)
  5 kobolds
  3 rats (D:1)
39 creatures vanquished.

Notes
Turn   | Place    | Note
-------+----------+-------------------------------------------
     0 | D:1      | Andry07 the Gargoyle Fighter began the quest for the Orb.
     0 | D:1      | Reached XP level 1. HP: 14/14 MP: 1/1
    97 | D:1      | Reached XP level 2. HP: 18/19 MP: 2/2
   309 | D:1      | Reached XP level 3. HP: 21/24 MP: 3/3
   532 | D:2      | Noticed Robin
   540 | D:1      | Killed Robin
   540 | D:1      | Reached skill level 4 in Fighting
   856 | D:2      | Noticed Natasha
   889 | D:2      | HP: 1/24 [Natasha (3)]
   891 | D:2      | Slain by Natasha

Skill      XL: |  1  2  3 |
---------------+----------+-----
Fighting       | 4 |  4.3
Maces & Flails | 3 |  3.2
Armour         | |  3.2
Shields        | |  3.2

Action                   || total
-------------------------++-------
Melee: Flail             ||   150
Armor: Scale mail        ||   166
Dodge: Dodged            ||    96
Block: Shield            ||   158
